 Dungeon Crawl Stone Soup version 0.23-a0-582-g1b4a0ca (webtiles) character file.

982 MisterFreud the Fighter (level 7, -4/68 HPs)
             Began as a Minotaur Abyssal Knight on Dec 16, 2018.
             Was a Priest of Lugonu.
             Killed from afar by Pikel (8 damage)
             ... with a wand of flame (6)
             ... on level 6 of the Dungeon.
             The game lasted 00:08:04 (4524 turns).

MisterFreud the Fighter (Minotaur Abyssal Knight)   Turns: 4524, Time: 00:08:05

Health: -4/68      AC:  8    Str: 19    XL:     7   Next: 96%
Magic:  11/11      EV:  7    Int:  9    God:    Lugonu [***...]
Gold:   208        SH:  0    Dex:  9    Spells: 6/6 levels left

rFire    . . .     SeeInvis .   a - +1 falchion
rCold    . . .     Gourm    .   (no shield)
rNeg     . . .     Faith    .   t - +0 chain mail
rPois    .         Spirit   .   (helmet restricted)
rElec    .         Reflect  .   (no cloak)
rCorr    .         Harm     .   (no gloves)
MR       .....                  (no boots)
Stlth    ..........             x - amulet of the acrobat
HPRegen  0.21/turn              (no ring)
MPRegen  0.12/turn              (no ring)

@: no status effects
A: retaliatory headbutt, horns 2
a: Depart the Abyss, Bend Space, Banish, Renounce Religion


You were on level 6 of the Dungeon.
You worshipped Lugonu.
Lugonu was most pleased with you.
You were not hungry.

You visited 1 branch of the dungeon, and saw 6 of its levels.
You visited the Abyss 1 time.

You collected 208 gold pieces.

Inventory:

Hand Weapons
 a - a +1 falchion (weapon)
Missiles
 e - 5 curare-tipped needles
 g - 34 poisoned needles
 i - 35 bolts
 j - 27 arrows
 n - 133 stones (quivered)
 q - 7 tomahawks
Armour
 b - a +1 leather armour
 t - a +0 chain mail (worn)
Jewellery
 x - an amulet of the acrobat (around neck)
Wands
 v - a wand of iceblast (9)
Scrolls
 d - 2 scrolls of remove curse
 f - a scroll of blinking
 p - a scroll of enchant armour
 r - a scroll of magic mapping
 u - 2 scrolls of teleportation
Potions
 h - 2 potions of flight
 k - 2 potions of curing
 l - 2 potions of magic
 m - a potion of invisibility
 o - a potion of mutation
 s - a potion of ambrosia {unknown}
 w - 2 potions of haste
Comestibles
 c - 10 rations
 z - a chunk of flesh


   Skills:
 - Level 8.0 Fighting
 - Level 2.4 Long Blades
 - Level 2.4 Armour
 - Level 1.1 Dodging
 + Level 7.2 Invocations


You had 6 spell levels left.
You didn't know any spells.
Your spell library was empty.

Dungeon Overview and Level Annotations

Branches:
Dungeon (6/15)
 Temple: D:4-7

Altars:
Ru

Annotations:
D:6 Pikel


Innate Abilities, Weirdness & Mutations

You reflexively headbutt those who attack you in melee.
You have a pair of horns on your head.


Message History

Your headbutt misses Pikel.
Pikel is almost dead.
Pikel hits you but does no damage.
Pikel hits you with a +1 whip of electrocution.
* * * LOW HITPOINT WARNING * * *
You hit Pikel but do no damage.
Pikel is almost dead.
Pikel hits you with a +1 whip of electrocution.
* * * LOW HITPOINT WARNING * * *
You feel better.
Pikel hits you with a +1 whip of electrocution.
* * * LOW HITPOINT WARNING * * *
You hit Pikel but do no damage.
Pikel is almost dead.
Pikel zaps a wand.
The puff of flame hits you!
* * * LOW HITPOINT WARNING * * *
You hit Pikel but do no damage.
Pikel is almost dead.
Pikel zaps a wand.
The puff of flame hits you!
You die... ################## ..............pK@# ##################

You could see Pikel and a slave.

Vanquished Creatures
  Sigmund (D:2)
  3 slaves
  An ogre (D:5)
  A water moccasin skeleton (D:4)
  A scorpion (D:5)
  2 crimson imps (D:5)
  A bullfrog zombie (D:5)
  A jelly (D:5)
  3 orc wizards
  An iguana (D:4)
  Terence (D:3)
  5 worker ants (D:4)
  A killer bee zombie (D:5)
  A hound skeleton (D:5)
  11 adders
  A shadow imp (D:5)
  2 worms
  2 dart slugs
  4 leopard geckos
  3 orcs
  11 bats
  7 giant cockroaches
  7 goblins
  9 hobgoblins
  18 jackals
  3 quokkas
  9 frilled lizards
  9 kobolds
  8 rats
127 creatures vanquished.

Notes
Turn   | Place    | Note
-------+----------+-------------------------------------------
     0 | Abyss:1  | MisterFreud the Minotaur Abyssal Knight began the quest for
                  | the Orb.
     0 | Abyss:1  | Reached XP level 1. HP: 19/19 MP: 1/1
    33 | Abyss:1  | Noticed a large abomination
    33 | Abyss:1  | Noticed a tentacled starspawn
    34 | D:1      | Escaped the Abyss
   154 | D:1      | Reached skill level 4 in Fighting
   368 | D:1      | Reached * piety under Lugonu
   368 | D:1      | Reached XP level 2. HP: 27/28 MP: 2/2
   623 | D:1      | Reached skill level 5 in Fighting
   791 | D:2      | Reached XP level 3. HP: 36/36 MP: 3/3
  1005 | D:2      | Reached ** piety under Lugonu
  1038 | D:2      | Noticed Sigmund
  1049 | D:2      | Killed Sigmund
  1049 | D:2      | Reached skill level 7 in Fighting
  1049 | D:2      | Reached XP level 4. HP: 24/48 MP: 4/4
  1049 | D:2      | Reached XP level 5. HP: 26/53 MP: 5/5
  1532 | D:3      | Reached skill level 8 in Fighting
  1542 | D:3      | Found a sacrificial altar of Ru.
  1831 | D:3      | Reached XP level 6. HP: 61/61 MP: 6/6
  2043 | D:3      | Noticed Terence
  2065 | D:3      | Killed Terence
  2266 | D:3      | Reached *** piety under Lugonu
  3298 | D:4      | Reached skill level 5 in Invocations
  3298 | D:4      | Reached XP level 7. HP: 68/68 MP: 9/9
  3535 | D:5      | Entered Level 5 of the Dungeon
  4339 | D:6      | Noticed Pikel
  4524 | D:6      | Killed from afar by Pikel

Vault maps used:
D:1:      matt_arrival_spirals
D:2:      uniq_sigmund
D:3:      lemuel_doored_altar, first_ration, uniq_terence
D:6:      marbit_many_paths, uniq_duvessa, uniq_crazy_yiuf_cottage,
          uniq_prince_ribbit1, uniq_pikel
Abyss:1:  evilmike_abyss_exit_16, minivault_24

Skill      XL: |  1  2  3  4  5  6  7 |
---------------+----------------------+-----
Fighting       | 4 5 7 8 |  8.0
Invocations    | 2 5 7 |  7.2
Long Blades    | |  2.4
Armour         | |  2.4
Dodging        | |  1.1

Action                   |  1- 3 |  4- 6 |  7- 9 || total
-------------------------+-------+-------+-------++-------
Melee: Falchion          |    90 |   155 |   133 ||   378
       Headbutt          |    13 |    17 |    30 ||    60
Invok: Depart the Abyss  |     1 |       |       ||     1
  Use: Scroll            |     3 |     8 |     2 ||    13
       Potion            |       |       |     1 ||     1
  Eat: Chunk             |     1 |     7 |     4 ||    12
Armor: Leather armour    |    31 |    28 |       ||    59
       Chain mail        |       |    54 |    84 ||   138
Dodge: Dodged            |    72 |    75 |    57 ||   204
       Rpst.: Falchion   |    21 |    21 |    20 ||    62

Table legend:
 A = Non-vault XP
 B = Vault XP
 C = Vault XP percentage of total XP
 D = Non-vault monster count
 E = Vault monster count
 F = Vault count percentage of total count
                 A         B        C        D         E       F
            +---------+---------+-------+---------+---------+-------
      Total |    1141 |     263 |  18.7 |     122 |       2 |   1.6
            +---------+---------+-------+---------+---------+-------
        D:1 |      52 |       0 |   0.0 |      30 |       0 |   0.0
        D:2 |      63 |     227 |  78.3 |      28 |       1 |   3.4
        D:3 |     102 |      36 |  26.1 |      24 |       1 |   4.0
        D:4 |     420 |       0 |   0.0 |      24 |       0 |   0.0
        D:5 |     504 |       0 |   0.0 |      16 |       0 |   0.0
            +---------+---------+-------+---------+---------+-------
